AoeStats
← Kulishaak

Arena

508922135Analyzed
1v1 RM · 6d ago on Sep 24, 2026· 38m 48s· 2 players
Game mode
Random Map
Map size
Tiny (2 player)
Population
200
Speed
Normal
Resources
Standard
Victory
Conquest
Starting age
Dark Age
Ending age
Imperial Age
RankedLock teamsTeams togetherTeam positionsShared explorationLock speedFull tech treeHidden civsTurbo modeCheats
Victory
Defeat
🇨🇿 Saxons · Czechia
1116
+15
🇫🇷 Portuguese · France
1091
-15
SgtKel
10:16 Feudal Age
15:11 Castle Age
14:08 Loom
14:23 Man-at-Arms
15:21 Scale Mail Armor
19:24 Fletching
23:07 Double-Bit Axe
23:46 Horse Collar
27:29 Forging
29:36 Wheelbarrow
30:01 Heavy Plow
35:53 Imperial Age
36:07 Scale Barding Armor
36:38 Iron Casting
36:45 Stone Mining
38:19 Hand Cart
Kulishaak
1:57 Loom
2:02 Loom
10:32 Feudal Age
11:46 Double-Bit Axe
16:14 Castle Age
15:03 Horse Collar
15:15 Gold Mining
16:16 Fletching
16:45 Crossbowman
19:56 Man-at-Arms
20:46 Squires
22:42 Wheelbarrow
22:48 Gambesons
23:54 Masonry
24:01 Fortified Wall
27:24 Bow Saw
27:10 Stone Mining
33:48 Imperial Age
31:45 Arson
32:30 Pikeman
34:15 Thumb Ring
34:06 Bodkin Arrow
35:28 Gold Shaft Mining
34:20 Capped Ram
35:59 Hand Cart
35:30 Town Watch
37:04 Arbalester
Connection lost

Rejoining the realm…

Still unreachable

The connection could not be restored.

Session expired

The server has moved on; the page needs a fresh start.